 Dungeon Crawl Stone Soup version 0.27-a0-1105-g946c659c87 (webtiles) character file.

Game seed: 18325275671842817249

43 dickylongcocking the Magician (level 3, -1/25 HPs)
             Began as a Djinni Venom Mage on Apr 30, 2021.
             Frozen to death by an endoplasm (4 damage)
             ... on level 2 of the Dungeon.
             The game lasted 00:01:13 (1469 turns).

dickylongcocking the Magician (Djinni Venom Mage)   Turns: 1469, Time: 00:01:13

Health: -1/25      AC:  2    Str:  7    XL:     3   Next: 58%
Gold:   36         EV: 12    Int: 17    God:
                   SH:  0    Dex: 13

rFire    + + .     SeeInvis .   (no weapon)
rCold    x . .     Faith    .   (no shield)
rNeg     . . .     Spirit   .   a - +0 robe
rPois    ∞         Reflect  .   (no helmet)
rElec    .         Harm     .   (no cloak)
rCorr    .         Rampage  .   (no gloves)
Will     .....                  (boots unavailable)
Stlth    ++........             (no amulet)
HPRegen  0.08/turn              (no ring)
MPRegen  0.00/turn              (no ring)

@: flying
A: fire resistance 2, cold vulnerability 1, float, innate caster, hp casting,
extra vitality 1
a: no special abilities


You were on level 2 of the Dungeon.
You visited 1 branch of the dungeon, and saw 2 of its levels.

You collected 36 gold pieces.

Inventory:

Armour
 a - a +0 robe (worn)
Scrolls
 d - 2 scrolls of identify {unknown}
 f - a scroll of magic mapping {unknown}
Potions
 b - a potion of cancellation
 c - a potion of heal wounds {unknown}
 e - a potion of mutation {unknown}
 g - a potion of degeneration {unknown}


   Skills:
 + Level 2.7 Dodging
 + Level 1.7 Stealth
 + Level 3.6 Spellcasting


You couldn't memorise any spells.
You knew the following spells:

 Your Spells              Type           Power      Damage    Failure   Level
a - Sting                 Tmut/Pois      60%        1d6       3%          1
e - Olgreb's Toxic Radia  Pois           15%        N/A       36%         4
f - Pain                  Necr           60%        1d7       3%          1
i - Ignite Poison         Fire/Tmut/Pois 15%        N/A       11%         3
p - Poisonous Vapours     Pois/Air       30%        N/A       5%          2
x - Mephitic Cloud        Conj/Pois/Air  15%        N/A       11%         3
Your spell library was empty.

Dungeon Overview and Level Annotations

Branches:
Dungeon (2/15)

Altars:


Innate Abilities, Weirdness & Mutations

You are immune to poison.
Your flesh is very heat resistant. (rF++)
You are vulnerable to cold. (rC-)
You float through the air rather than walking.
You learn spells naturally, not from books.
Your magical power is your life essence.
You have superior vitality. (+4 HP)


Message History

The jackal is engulfed in poison gas.
The jackal is poisoned.
The jackal bites you.
Casting: Poisonous Vapours (safe; 6% risk of failure)
Confirm with . or Enter, or press ? or * to list all spells.
Aiming: Poisonous Vapours (safe; 6% risk of failure)
Press: ? - help, Dir - move target, f - frilled lizard, p - jackal
Aim: a frilled lizard Poisonous vapours surround the frilled lizard!
The jackal bites you.
The frilled lizard is poisoned.
The frilled lizard barely misses you.
Unknown command.
You kill the frilled lizard!
The jackal bites you.
Casting: Poisonous Vapours (safe; 6% risk of failure)
Confirm with . or Enter, or press ? or * to list all spells.
Aiming: Sting (safe; 3% risk of failure)
Press: ? - help, Shift-Dir - straight line, f - jackal
Aim: a jackal (heavily wounded, poisoned, 67% to hit)
The sting hits the jackal.
The jackal looks even sicker.
You kill the jackal!
* * * LOW HITPOINT WARNING * * *
Unknown command.
Casting: Sting (safe; 3% risk of failure)
Confirm with . or Enter, or press ? or * to list all spells.
Aiming: Sting (safe; 3% risk of failure)
Press: ? - help, Shift-Dir - straight line, f - endoplasm
Aim: an endoplasm (98% to hit)
The sting hits the endoplasm.
The endoplasm is poisoned.
The endoplasm is moderately wounded.
* * * LOW HITPOINT WARNING * * *
The endoplasm freezes you.
You are frozen.
You feel a terrible chill!
* * * LOW HITPOINT WARNING * * *
The endoplasm looks more healthy.
Okay, then.
Found 5 gold pieces.
It was a potion of cancellation.
You feel magically purged. The endoplasm freezes you.
You are frozen.
You feel a terrible chill!
You die...

###########.#### #...##
#..............#########...##
#.###...†##.##...............
#.#⌠#....##.##.##...........)
#.###....##....##............
#.................##.###...##
#........#####.#####.# #.÷.##
########.......# #.# #...##
#....J@#... ..###...##
#.#.##.#.# ####......
#..#..... ####....#. #.#
#..### #......... #.# ##.#
#......... $.# ##. #.#.>.....
### #######.#.......
#.........#....
#.####.#.##...#


You could see an endoplasm.

Vanquished Creatures
  An adder (D:2)
  3 dart slugs (D:1)
  3 ball pythons (D:1)
  An endoplasm (D:1)
  A giant cockroach (D:2)
  2 goblins
  2 hobgoblins
  7 jackals (D:2)
  2 bats (D:1)
  A frilled lizard (D:2)
  3 kobolds
26 creatures vanquished.

Notes
Turn   | Place    | Note
-------+----------+-------------------------------------------
     0 | D:1      | dickylongcocking the Djinni Venom Mage began the quest for
                  | the Orb.
     0 | D:1      | Reached XP level 1. HP: 15/15 MP: 0/0
   344 | D:1      | Reached XP level 2. HP: 19/21 MP: 0/0
   346 | D:1      | Reached skill level 3 in Spellcasting
   990 | D:2      | Reached XP level 3. HP: 13/25 MP: 0/0
   990 | D:2      | Learned a level 1 spell: Pain
  1469 | D:2      | Frozen to death by an endoplasm

Illustrated notes

Levels and vault maps discovered:
D:1:      minmay_arrival_open_corners, layout_basic,
          chequers_serial_rivers_micro_e, skrybe_limestone_x,
          minmay_pentomino_u2
D:2:      layout_loops_cross, serial_shops, shop, feat_on_display, uniq_jessica

Skill      XL: |  1  2 |
---------------+-------+-----
Spellcasting   | 3 |  3.6
Dodging        | |  2.7
Stealth        | |  1.7

Action                   || total
-------------------------++-------
Melee: Unarmed           ||     4
 Cast: Sting             ||    44
       Poisonous Vapours ||     6
  Use: Potion            ||     1
 Stab: Sleeping          ||     1
Armor: Robe              ||     6
Dodge: Dodged            ||    32

Table legend: (Time is in decaauts)
 A = Elapsed time spent in this place.
 B = Non-inter-level travel time spent in this place.
 C = Inter-level travel time spent in this place.
 D = Time resting spent in this place.
 E = Time spent auto-exploring this place.
 F = Levels seen in this place.
 G = Mean time per level.
                   A        B        C        D        E       F      G
               +--------+--------+--------+--------+--------+-----+--------+
         Total |   1468 |   1450 |     18 |      0 |   1308 |   2 |  734.0 |
       Dungeon |   1468 |   1450 |     18 |      0 |   1308 |   2 |  734.0 |
               +--------+--------+--------+--------+--------+-----+--------+

Top non-repeatable levels by time:
     D:1: 873 daAuts
     D:2: 595 daAuts
